[ AOE2 MATCH · #506235530 ]
UnrankedTeutons vs Khmer
Player's team · WIN
Rival team · LOSS
[ REPLAY ANALYSIS · EXTRACTED FROM THE RECORDED GAME ]
Feudal
10:06
Castle
23:36
Imperial
36:45
| APM avg | 19.2 |
| APM peak | 36 |
| eAPM avg | 13.4 |
| Villagers / military | 103 / 43 |
Focus
⚔️ 17.6% · 🌾 82.4%
Knight ×27 · Spearman ×5 · Trebuchet (Packed) ×5 · Militia ×4 · Monk ×1 · Teutonic Knight ×1
Feudal
10:10
Castle
17:27
Imperial
35:57
| APM avg | 24.9 |
| APM peak | 57 |
| eAPM avg | 12.7 |
| Villagers / military | 80 / 24 |
Focus
⚔️ 16.8% · 🌾 83.2%
Ballista Elephant ×13 · Trebuchet (Packed) ×6 · Monk ×2 · Spearman ×2 · Battering Ram ×1
Match map
Initial resources + every placement click. Lines = walls · curves = elevation contours. ◆ gold · ⬟ stone · ● berries · ✦ relic · ◌ wall gap
Your base· Open — unwalled flank
Robert Bruce's base· Open — unwalled flank
Smoothed initial terrain · ◌ = detected wall gap · hover for details
Inputs per minute
— andySSJ7917 - - Robert Bruce
Build order — andySSJ7917
First 150 of 282 actions detected
| 0:01 | Queue | Villager (Male) ×4 |
| 0:03 | Build | House |
| 0:05 | Build | House |
| 1:27 | Queue | Villager (Male) |
| 1:52 | Build | Lumber Camp |
| 2:03 | Queue | Villager (Male) |
| 2:40 | Queue | Villager (Male) |
| 2:59 | Queue | Villager (Male) |
| 3:28 | Queue | Villager (Male) |
| 3:36 | Build | House |
| 3:40 | Build | House |
| 3:44 | Queue | Villager (Male) |
| 3:57 | Queue | Villager (Male) |
| 4:18 | Build | Mill |
| 4:27 | Queue | Villager (Male) |
| 5:25 | Queue | Villager (Male) |
| 5:26 | Queue | Villager (Male) |
| 5:57 | Queue | Villager (Male) |
| 6:28 | Queue | Villager (Male) |
| 6:28 | Queue | Villager (Male) |
| 6:47 | Queue | Villager (Male) |
| 7:02 | Research | Loom |
| 7:56 | Research | Feudal Age |
| 8:10 | Queue | Villager (Male) |
| 8:31 | Build | Barracks |
| 8:49 | Build | House |
| 8:54 | Build | Mining Camp |
| 9:46 | Build | Mill |
| 10:05 | Build | Mining Camp |
| 10:06 | Queue | Villager (Male) |
| 10:06 | Age | Feudal Age |
| 10:07 | Queue | Villager (Male) |
| 10:19 | Research | Man-at-Arms (upgrade) |
| 10:32 | Queue | Militia |
| 10:32 | Queue | Militia |
| 10:45 | Queue | Villager (Male) |
| 11:02 | Queue | Villager (Male) |
| 11:24 | Queue | Villager (Male) |
| 11:46 | Build | Watch Tower |
| 11:49 | Queue | Villager (Male) |
| 12:09 | Queue | Villager (Male) |
| 12:22 | Build | Farm |
| 12:28 | Build | Farm |
| 12:31 | Build | Farm |
| 12:35 | Build | Farm |
| 12:36 | Queue | Villager (Male) |
| 12:40 | Build | Farm |
| 13:08 | Queue | Villager (Male) |
| 13:14 | Build | House |
| 13:23 | Research | Wheelbarrow |
| 13:41 | Build | Watch Tower |
| 13:52 | Build | Watch Tower |
| 13:56 | Queue | Villager (Male) |
| 14:01 | Research | Gold Mining |
| 14:05 | Research | Horse Collar |
| 14:22 | Research | Double-Bit Axe |
| 14:45 | Build | Watch Tower |
| 14:54 | Queue | Villager (Male) |
| 14:58 | Queue | Militia |
| 14:59 | Queue | Militia |
| 15:07 | Build | Farm |
| 15:20 | Build | Watch Tower |
| 15:31 | Queue | Villager (Male) |
| 15:33 | Build | Farm |
| 15:35 | Queue | Villager (Male) |
| 15:51 | Build | Watch Tower |
| 16:20 | Build | Farm |
| 16:24 | Build | Farm |
| 16:25 | Queue | Villager (Male) |
| 16:29 | Research | Town Watch |
| 16:30 | Research | Town Watch |
| 16:32 | Build | House |
| 16:33 | Build | House |
| 16:34 | Build | House |
| 16:41 | Build | Farm |
| 16:42 | Build | Farm |
| 16:43 | Build | Farm |
| 16:45 | Build | Farm |
| 17:19 | Queue | Villager (Male) |
| 17:31 | Build | Watch Tower |
| 17:37 | Queue | Villager (Male) |
| 17:43 | Build | Farm |
| 17:45 | Build | Farm |
| 18:02 | Research | Stone Mining |
| 18:04 | Queue | Villager (Male) |
| 18:20 | Build | Watch Tower |
| 18:42 | Build | Watch Tower |
| 18:44 | Queue | Villager (Male) |
| 18:46 | Queue | Villager (Male) |
| 18:54 | Build | Market |
| 19:15 | Queue | Villager (Male) |
| 19:45 | Build | Watch Tower |
| 19:47 | Queue | Villager (Male) |
| 20:06 | Queue | Villager (Male) |
| 20:13 | Build | Blacksmith |
| 20:17 | Queue | Villager (Male) |
| 20:40 | Build | Watch Tower |
| 20:56 | Research | Castle Age |
| 21:08 | Build | Watch Tower |
| 21:16 | Research | Fletching |
| 21:21 | Queue | Spearman |
| 21:21 | Queue | Spearman |
| 21:50 | Queue | Spearman |
| 22:27 | Build | Farm |
| 22:28 | Build | Farm |
| 22:44 | Queue | Villager (Male) |
| 23:36 | Age | Castle Age |
| 23:39 | Queue | Villager (Male) |
| 23:42 | Research | Bow Saw |
| 23:50 | Build | Town Center |
| 23:54 | Queue | Spearman |
| 23:54 | Queue | Spearman |
| 23:57 | Research | Pikeman (upgrade) |
| 24:10 | Build | House |
| 24:12 | Build | House |
| 24:14 | Build | House |
| 24:19 | Build | Farm |
| 24:21 | Research | Heavy Plow |
| 24:24 | Research | Stone Shaft Mining |
| 24:32 | Queue | Villager (Male) |
| 24:35 | Queue | Villager (Male) |
| 24:57 | Build | Town Center |
| 24:59 | Queue | Villager (Male) |
| 25:00 | Queue | Villager (Male) |
| 25:26 | Build | House |
| 25:27 | Build | House |
| 25:31 | Build | House |
| 25:31 | Build | House |
| 25:34 | Queue | Villager (Male) |
| 25:34 | Queue | Villager (Male) |
| 25:35 | Queue | Villager (Male) |
| 25:35 | Queue | Villager (Male) |
| 25:39 | Build | Farm |
| 25:39 | Build | Farm |
| 26:22 | Build | Farm |
| 26:25 | Build | Farm |
| 26:31 | Research | Hand Cart |
| 26:32 | Queue | Villager (Male) |
| 26:35 | Build | Farm |
| 26:37 | Build | Farm |
| 26:44 | Queue | Villager (Male) |
| 26:45 | Queue | Villager (Male) |
| 27:07 | Build | Castle |
| 27:18 | Build | House |
| 27:19 | Build | House |
| 27:21 | Build | House |
| 27:22 | Build | House |
| 27:22 | Build | House |
| 27:22 | Build | House |
| 27:24 | Build | House |
Build order — Robert Bruce
First 150 of 194 actions detected
| 0:00 | Queue | Villager (Male) |
| 0:01 | Queue | Villager (Male) |
| 0:01 | Queue | Villager (Male) |
| 0:01 | Queue | Villager (Male) |
| 0:03 | Build | House |
| 0:05 | Build | House |
| 1:30 | Queue | Villager (Male) |
| 2:03 | Queue | Villager (Male) |
| 2:14 | Queue | Villager (Male) |
| 2:24 | Build | Lumber Camp |
| 2:44 | Queue | Villager (Male) |
| 2:44 | Queue | Villager (Male) |
| 2:57 | Queue | Villager (Male) |
| 2:57 | Queue | Villager (Male) |
| 3:44 | Queue | Villager (Male) |
| 3:44 | Queue | Villager (Male) |
| 3:49 | Build | House |
| 3:53 | Build | House |
| 3:55 | Build | Palisade Wall |
| 4:41 | Queue | Villager (Male) |
| 5:37 | Queue | Villager (Male) |
| 5:55 | Queue | Villager (Male) |
| 5:55 | Queue | Villager (Male) |
| 5:56 | Queue | Villager (Male) |
| 6:09 | Build | Mill |
| 6:31 | Research | Loom |
| 8:00 | Research | Feudal Age |
| 8:20 | Queue | Villager (Male) |
| 8:59 | Build | Barracks |
| 9:35 | Build | House |
| 9:38 | Build | House |
| 10:10 | Age | Feudal Age |
| 10:17 | Research | Double-Bit Axe |
| 10:18 | Queue | Villager (Male) |
| 10:18 | Queue | Villager (Male) |
| 10:39 | Build | Mining Camp |
| 11:01 | Queue | Villager (Male) |
| 11:01 | Queue | Villager (Male) |
| 11:13 | Build | Farm |
| 11:15 | Build | Farm |
| 11:17 | Build | Farm |
| 11:18 | Build | Farm |
| 11:20 | Build | Farm |
| 11:21 | Build | Farm |
| 11:23 | Build | Farm |
| 11:39 | Build | Farm |
| 12:05 | Build | Farm |
| 12:07 | Queue | Villager (Male) |
| 12:46 | Queue | Villager (Male) |
| 12:47 | Queue | Villager (Male) |
| 13:18 | Build | House |
| 13:23 | Build | Farm |
| 13:49 | Build | Farm |
| 14:43 | Build | Mining Camp |
| 14:47 | Research | Castle Age |
| 15:00 | Queue | Spearman |
| 15:01 | Queue | Spearman |
| 15:40 | Build | Watch Tower |
| 17:01 | Build | Market |
| 17:27 | Age | Castle Age |
| 17:30 | Queue | Villager (Male) |
| 17:30 | Queue | Villager (Male) |
| 18:16 | Build | Castle |
| 18:24 | Queue | Villager (Male) |
| 18:24 | Queue | Villager (Male) |
| 18:24 | Queue | Villager (Male) |
| 18:25 | Queue | Villager (Male) |
| 18:46 | Build | Blacksmith |
| 18:48 | Build | Palisade Wall |
| 19:37 | Queue | Ballista Elephant |
| 20:30 | Queue | Villager (Male) |
| 20:31 | Queue | Villager (Male) |
| 20:31 | Queue | Villager (Male) |
| 20:38 | Build | Siege Workshop |
| 20:52 | Queue | Villager (Male) |
| 21:04 | Research | Fletching |
| 21:39 | Queue | Villager (Male) |
| 21:40 | Queue | Villager (Male) |
| 21:47 | Queue | Battering Ram |
| 22:02 | Build | Farm |
| 22:04 | Build | Farm |
| 22:17 | Queue | Ballista Elephant |
| 22:45 | Queue | Villager (Male) |
| 22:45 | Queue | Villager (Male) |
| 23:02 | Build | Farm |
| 23:53 | Queue | Villager (Male) |
| 23:53 | Queue | Villager (Male) |
| 23:58 | Build | Farm |
| 24:12 | Queue | Villager (Male) |
| 24:12 | Queue | Villager (Male) |
| 24:18 | Build | Farm |
| 24:39 | Build | Farm |
| 24:49 | Queue | Villager (Male) |
| 24:49 | Queue | Villager (Male) |
| 25:03 | Build | Outpost |
| 25:05 | Queue | Villager (Male) |
| 25:16 | Queue | Ballista Elephant |
| 25:16 | Queue | Ballista Elephant |
| 25:17 | Queue | Ballista Elephant |
| 25:21 | Queue | Villager (Male) |
| 25:37 | Build | Town Center |
| 25:45 | Build | Outpost |
| 25:47 | Queue | Villager (Male) |
| 25:47 | Queue | Villager (Male) |
| 25:49 | Build | Farm |
| 26:08 | Queue | Ballista Elephant |
| 26:08 | Queue | Ballista Elephant |
| 26:21 | Build | Farm |
| 26:35 | Build | Outpost |
| 26:41 | Queue | Villager (Male) |
| 26:41 | Queue | Villager (Male) |
| 27:00 | Queue | Villager (Male) |
| 27:00 | Queue | Villager (Male) |
| 27:11 | Queue | Villager (Male) |
| 27:13 | Queue | Villager (Male) |
| 27:13 | Queue | Villager (Male) |
| 27:39 | Queue | Villager (Male) |
| 27:40 | Queue | Villager (Male) |
| 27:41 | Queue | Villager (Male) |
| 28:02 | Queue | Ballista Elephant |
| 28:02 | Queue | Ballista Elephant |
| 28:11 | Build | Monastery |
| 28:19 | Queue | Villager (Male) |
| 28:19 | Queue | Villager (Male) |
| 28:42 | Build | House |
| 28:43 | Build | House |
| 28:44 | Build | House |
| 28:45 | Build | House |
| 28:46 | Build | House |
| 28:59 | Queue | Monk |
| 29:02 | Queue | Villager (Male) |
| 29:03 | Queue | Villager (Male) |
| 29:04 | Queue | Villager (Male) |
| 29:04 | Queue | Villager (Male) |
| 29:10 | Build | Outpost |
| 29:15 | Research | Town Watch |
| 29:23 | Build | Lumber Camp |
| 29:34 | Queue | Villager (Male) |
| 29:34 | Queue | Villager (Male) |
| 29:44 | Queue | Ballista Elephant |
| 29:45 | Queue | Ballista Elephant |
| 29:52 | Build | Farm |
| 29:54 | Build | Farm |
| 29:57 | Build | Farm |
| 30:06 | Queue | Monk |
| 30:11 | Queue | Villager (Male) |
| 30:11 | Queue | Villager (Male) |
| 31:18 | Build | Outpost |
| 31:24 | Build | Farm |
| 31:25 | Build | Farm |
Match timeline
| 3:55 | Robert Bruce · wall_segment Palisade Wall x5 |
| 8:31 | andySSJ7917 · first_building Barracks |
| 8:59 | Robert Bruce · first_building Barracks |
| 10:06 | andySSJ7917 · age_up feudal |
| 10:10 | Robert Bruce · age_up feudal |
| 17:27 | Robert Bruce · age_up castle |
| 17:56 | Robert Bruce · first_market_buy 100 stone |
| 18:16 | Robert Bruce · first_building Castle |
| 18:48 | Robert Bruce · wall_segment Palisade Wall x12 |
| 20:03 | andySSJ7917 · first_market_buy 100 food |
| 20:38 | Robert Bruce · first_building Siege Workshop |
| 22:09 | Robert Bruce · first_market_sell 100 wood |
| 23:36 | andySSJ7917 · age_up castle |
| 27:07 | andySSJ7917 · first_building Castle |
| 27:49 | andySSJ7917 · first_building Monastery |
| 28:11 | Robert Bruce · first_building Monastery |
| 29:41 | andySSJ7917 · first_building Siege Workshop |
| 30:05 | andySSJ7917 · first_building Stable |
| 35:15 | Robert Bruce · first_building Stable |
| 35:57 | Robert Bruce · age_up imperial |
| 36:45 | andySSJ7917 · age_up imperial |
| 39:14 | Robert Bruce · resign |
[ AI ANALYSIS · 1 CREDIT ]
What really happened in this match?
Wolo.gg analyzes every decision: build order, eco, micro, common mistakes by bracket. Personalized analysis on WhatsApp or Discord in 30 seconds.
Civ guide
Teutons
Perfil
Jugador #21187218